cohdb
Replays
Latest Replays
All Replays
Popular Replays
Top Player Replays
Match Explorer
How It Works
Community
CoH3 Stats
Reddit
Sign in to upload your games and track your stats! →
Sign in with Steam
Match 21558414
Unlisted
Match 21558414
Overview
Messages
Build Orders
End
Selects Italian Combined Arms Battlegroup
Selects Bersaglieri Squad
Bersaglieri Squad
Kradschützen Motorcycle Team
Bersaglieri Squad
Construct Light Support Kompanie
MG34 Team
Selects Bersaglieri Bolster
2.5-tonne Medical Truck
Fire Support Elements
Panzerjäger Mechanized Group
Flakvierling Half-track
Selects Breda Model 30 Light Machine Guns
Veteran Squad Leaders
Panzerpioneer Squad
Vehicle Survival Package
Kamfrenchie
TidaL
0
0
Comments
sign in to comment!
No comments posted yet!